 Dungeon Crawl Stone Soup version 0.23.1-37-gaa34b87b72 (webtiles) character file.

Game seed: 6420762845247567856

2973 Elpenore the Slicer (level 10, -3/63 HPs)
             Began as a Kobold Berserker on Mar 23, 2019.
             Was an Elder of Trog.
             Slain by a yak (4 damage)
             ... while petrified by a basilisk
             ... on level 8 of the Dungeon on Mar 25, 2019.
             The game lasted 01:48:28 (10225 turns).

Elpenore the Slicer (Kobold Berserker)             Turns: 10225, Time: 01:48:28

Health: -3/63      AC:  7    Str: 14    XL:     10   Next: 8%
Magic:  10/10      EV:  3    Int: 11    God:    Trog [****..]
Gold:   398        SH:  0    Dex: 19    Spells: 9/9 levels left

rFire    + . .     SeeInvis +   a - +0 short sword
rCold    . . .     Gourm    .   y - +0 buckler
rNeg     + + +     Faith    .   H - +2 leather armour {rF+}
rPois    ∞         Spirit   .   N - +0 helmet
rElec    .         Reflect  .   p - +0 cloak
rCorr    .         Harm     .   (no gloves)
MR       .....                  (no boots)
Stlth    +++.......             (no amulet)
HPRegen  0.20/turn              P - +3 ring of intelligence
MPRegen  0.12/turn              R - ring of see invisible

@: petrified, berserk cooldown, slowed
A: small, carnivore
a: Berserk, Trog's Hand, Brothers in Arms, Renounce Religion


You were on level 8 of the Dungeon.
You worshipped Trog.
Trog was greatly pleased with you.
You were very full.

You visited 1 branch of the dungeon, and saw 8 of its levels.
You also visited: Sewer.

You collected 398 gold pieces.

Inventory:

Hand Weapons
 a - a +0 short sword (weapon)
 T - a +0 dagger
 U - a +1 whip of freezing
Missiles
 j - 23 poisoned needles
 o - 13 tomahawks (quivered)
 I - 100 bolts
Armour
 b - a +0 animal skin
 e - a +2 cloak
 g - a +1 ring mail of poison resistance
 p - a +0 cloak (worn)
 y - a +0 buckler (worn)
 F - a +0 scale mail of cold resistance
 H - a +2 leather armour of fire resistance (worn)
 N - a +0 helmet (worn)
 Q - a scarf of spirit shield
Jewellery
 u - an uncursed ring of positive energy
 K - an uncursed ring of flight
 P - a +3 ring of intelligence (left hand)
 R - a ring of see invisible (right hand)
Wands
 A - a wand of flame (14)
 B - a wand of enslavement (11)
 G - a wand of paralysis (3)
Scrolls
 k - 3 scrolls of magic mapping {unknown}
 q - a scroll of blinking {unknown}
 r - 7 scrolls of teleportation
 t - a scroll of amnesia {unknown}
 v - 2 scrolls of fear {unknown}
 C - a scroll of fog {unknown}
 D - 4 scrolls of identify {unknown}
 E - a scroll of enchant armour {unknown}
 J - 4 scrolls of remove curse {unknown}
 L - a scroll of acquirement {unknown}
 O - a scroll of enchant weapon {unknown}
 S - a scroll of immolation {unknown}
Potions
 d - a potion of lignification
 f - a potion of brilliance {unknown}
 h - 2 potions of curing
 i - a potion of haste {unknown}
 l - 3 potions of flight
 m - a potion of heal wounds {unknown}
 n - a potion of invisibility {unknown}
 s - 3 potions of magic {unknown}
 w - 3 potions of berserk rage {unknown}
 x - 2 potions of resistance
 z - 6 potions of degeneration {unknown}
 M - a potion of ambrosia {unknown}
Comestibles
 c - 7 rations


   Skills:
 - Level 7.0 Fighting
 + Level 9.3 Short Blades
 - Level 2.7 Armour
 + Level 8.0 Dodging
 + Level 6.6 Stealth
 + Level 4.5 Shields


You had 9 spell levels left.
You didn't know any spells.
Your spell library was empty.

Dungeon Overview and Level Annotations

Branches:
Dungeon (8/15)             Temple (0/1) D:5
   Lair: D:8-11

Altars:
Ashenzari
Cheibriados
Gozag
Kikubaaqudgha
Makhleb
Nemelex Xobeh
Okawaru
Qazlal
Sif Muna
Trog
Yredelemnul
Zin

Shops:
D:5 [   D:7 :


Innate Abilities, Weirdness & Mutations

You are small and have problems with some larger weapons.
You are carnivorous and can eat meat at any time.


Message History

A gnoll shaman comes into view. It is wielding a +0 club.
A yak comes into view.
The yak bellows!
The yak gores you! x2
* * * LOW HITPOINT WARNING * * *
Something hits the fungus!
A scorpion comes into view.
The yak gores you.
Something bites the fungus!
The yak gores you!
* * * LOW HITPOINT WARNING * * *
Something hits the fungus.
The yak gores you!
* * * LOW HITPOINT WARNING * * *
A crocodile comes into view.
The yak gores you.
* * * LOW HITPOINT WARNING * * *
The scorpion stings the fungus.
The yak gores you!
* * * LOW HITPOINT WARNING * * *
The yak gores you!
You die...

.##. #....##..##.#
... ##.......###..
#..##
#..#....###...
#...#
#..###.......#
#..###†.#
##....###
#..##...# ##..##
#...)...# #.##
##...##..# ##..#
#@#####..#.....###
#YY# #.........#


gYll# .....###.. #..5... .... ##. #Y..... .# ##. ....##### ##.. st.$# #... P.P.
#..# ....## You could see 4 yaks, a crocodile, a gnoll shaman, a scorpion
(wandering), 2 iguanas and a crimson imp.

Vanquished Creatures
  Pikel (D:7)
  Grinder (D:3)
  A hippogriff (D:4)
  A basilisk (D:8)
  Menkaure (D:7)
  Duvessa (D:7)
  A slave (D:7)
  A sky beast (D:7)
  2 ogres (D:7)
  2 phantoms (D:4)
  2 centaurs (D:7)
  3 bullfrogs
  Dowan (D:7)
  3 scorpions
  2 howler monkeys
  3 crimson imps
  A bullfrog zombie (D:7)
  A jelly (D:8)
  An orc priest (D:4)
  A hound (D:4)
  2 iguanas
  An orc wizard (D:8)
  Ijyb (D:4)
  6 worker ants
  A killer bee zombie (D:7)
  A hound skeleton (D:4)
  5 gnolls
  3 adders
  5 oozes
  3 adder skeletons
  4 worms
  A dart slug (D:2)
  5 leopard geckos
  9 orcs
  2 bat zombies (D:4)
  16 giant cockroaches
  8 goblins
  6 hobgoblins
  16 jackals
  A quokka (D:2)
  2 ball pythons
  12 bats
  7 frilled lizards
  6 kobolds
  A leopard gecko skeleton (D:4)
  6 rats
  2 rat zombies (D:4)
162 creatures vanquished.

Notes
Turn   | Place    | Note
-------+----------+-------------------------------------------
     0 | D:1      | Elpenore the Kobold Berserker began the quest for the Orb.
     0 | D:1      | Reached XP level 1. HP: 14/14 MP: 1/1
    53 | D:1      | Reached XP level 2. HP: 17/19 MP: 2/2
   400 | D:1      | Found a shattered altar of Ashenzari.
   980 | D:1      | Reached XP level 3. HP: 21/23 MP: 3/3
  1360 | D:2      | Found a snail-covered altar of Cheibriados.
  1449 | D:2      | Reached skill level 3 in Dodging
  1449 | D:2      | Reached skill level 1 in Stealth
  1493 | D:2      | Reached skill level 2 in Armour
  1654 | D:2      | Reached ** piety under Trog
  1679 | D:2      | Found a burning altar of Makhleb.
  1764 | D:2      | Found an opulent altar of Gozag.
  2063 | D:2      | Reached XP level 4. HP: 26/29 MP: 4/4
  2437 | D:3      | Found an iron altar of Okawaru.
  2555 | D:3      | Found a stormy altar of Qazlal.
  2669 | D:3      | Noticed Grinder
  2687 | D:3      | Killed Grinder
  2687 | D:3      | Reached skill level 4 in Fighting
  2687 | D:3      | Reached skill level 5 in Short Blades
  2687 | D:3      | Reached skill level 4 in Dodging
  2687 | D:3      | Reached skill level 3 in Stealth
  2687 | D:3      | Reached XP level 5. HP: 34/34 MP: 5/5
  2687 | D:3      | Reached XP level 6. HP: 39/39 MP: 6/6
  2925 | D:3      | Found a glowing drain.
  2941 | Sewer    | Entered a sewer
  3913 | D:3      | Reached *** piety under Trog
  4144 | D:3      | Found a glowing silver altar of Zin.
  4151 | D:3      | Found a bloodstained altar of Trog.
  4291 | D:4      | Noticed a phantom
  4325 | D:4      | You fall through a shaft for 2 floors!
  4331 | D:6      | Reached XP level 7. HP: 39/44 MP: 7/7
  4341 | D:6      | Reached skill level 4 in Stealth
  4680 | D:5      | Entered Level 5 of the Dungeon
  4710 | D:5      | Found a staircase to the Ecumenical Temple.
  4899 | D:4      | Reached skill level 1 in Shields
  5059 | D:4      | Reached skill level 6 in Short Blades
  5376 | D:4      | Reached skill level 5 in Fighting
  5377 | D:4      | Noticed Ijyb
  5387 | D:4      | Paralysed by Ijyb for 5 turns
  5395 | D:4      | Killed Ijyb
  5600 | D:4      | Noticed a hippogriff
  5603 | D:4      | Reached skill level 5 in Dodging
  5613 | D:4      | Reached skill level 5 in Stealth
  5613 | D:4      | Reached XP level 8. HP: 49/49 MP: 8/8
  5633 | D:4      | Killed a hippogriff
  5633 | D:4      | Reached skill level 2 in Shields
  5716 | D:4      | Reached skill level 7 in Short Blades
  5866 | D:4      | You fall through a shaft!
  5918 | D:5      | Found Anler's Antique Armour Emporium.
  6411 | D:5      | Found a basalt altar of Yredelemnul.
  6763 | D:4      | Reached skill level 6 in Dodging
  7186 | D:4      | Reached skill level 3 in Shields
  7522 | D:4      | Found an ancient bone altar of Kikubaaqudgha.
  7711 | D:6      | Found a sparkling altar of Nemelex Xobeh.
  8535 | D:7      | Reached XP level 9. HP: 55/55 MP: 9/9
  8672 | D:7      | Found a deep blue altar of Sif Muna.
  8672 | D:7      | Found a stormy altar of Qazlal.
  8735 | D:7      | Reached skill level 8 in Short Blades
  8919 | D:7      | Noticed Dowan
  8924 | D:7      | Noticed Duvessa
  8940 | D:7      | Killed Duvessa
  8940 | D:7      | Reached skill level 6 in Fighting
  8940 | D:7      | Reached skill level 7 in Dodging
  8966 | D:7      | Killed Dowan
  9125 | D:7      | Found Mevvej's Book Shop.
  9134 | D:7      | Noticed Menkaure
  9365 | D:7      | Noticed Pikel
  9448 | D:7      | Killed Pikel
  9448 | D:7      | Reached skill level 4 in Shields
  9505 | D:7      | Killed Menkaure
  9505 | D:7      | Reached skill level 9 in Short Blades
  9505 | D:7      | Reached skill level 6 in Stealth
 10200 | D:8      | Reached XP level 10. HP: 61/61 MP: 10/10
 10214 | D:8      | Reached **** piety under Trog
 10214 | D:8      | Reached skill level 7 in Fighting
 10214 | D:8      | Reached skill level 8 in Dodging
 10219 | D:8      | Identified the +4 quarterstaff of Nerchusm {flame, *Drain
                  | +Fly SInv}
 10224 | D:8      | HP: 5/63 [yak (2)]
 10225 | D:8      | HP: 1/63 [yak (4)]
 10225 | D:8      | Slain by a yak

Skill      XL: |  1  2  3  4  5  6  7  8  9 10 |
---------------+-------------------------------+-----
Dodging        | 3 4 5 6 7 8 |  8.0
Stealth        | 1 3 5 6 |  6.6
Armour         | 2 |  2.7
Fighting       | 4 5 6 7 |  7.0
Short Blades   | 5 6 7 9 |  9.3
Shields        | 1 3 4 |  4.5

Action                   |  1- 3 |  4- 6 |  7- 9 | 10-12 || total
-------------------------+-------+-------+-------+-------++-------
Melee: Short sword       |   152 |   221 |   553 |    12 ||   938
Invok: Berserk           |     3 |     4 |    18 |       ||    25
       Trog's Hand       |       |     1 |     1 |       ||     2
  Use: Potion            |       |     3 |       |       ||     3
       Scroll            |       |       |     2 |       ||     2
 Stab: Sleeping          |     3 |     6 |     8 |       ||    17
       Distracted        |     1 |       |     1 |       ||     2
  Eat: Chunk             |    14 |     8 |    37 |       ||    59
       Ration            |       |       |     1 |       ||     1
Armor: Animal skin       |    33 |    48 |    10 |       ||    91
       Skin              |       |   199 |       |       ||   199
       Leather armour    |       |       |    54 |     1 ||    55
       Scale mail        |       |       |    15 |       ||    15
Dodge: Dodged            |   105 |   166 |   242 |     4 ||   517
Block: Buckler           |       |    14 |   102 |     1 ||   117
